Map: Deathaura LE

Players

PtitDrogo - Winner!

  • Race: Protoss Protoss
  • League: Grandmaster
  • Spawn Location: 5:00

TLHarstem (Harstem)

  • Race: Protoss Protoss
  • League: Master
  • Spawn Location: 11:00

Event: DreamHack SC2 Masters 2020 Summer Europe

VOD

Have the link to the VOD?

Description

Time

  • Played on: July 3, 2020, 1:31 p.m.
  • Length: 14:08

All games in this series

Show
View Real Time Build Order
Export as new Build Order

PtitDrogo Protoss - Winner!

Build Orders: Blink Stalkers 

Get SALT Encoding   

  12  0:00  Probe  
  13  0:12  Probe  
  14  0:16  Pylon  
  14  0:23  Probe  
  15  0:31  Probe  
  16  0:37  Gateway  
  16  0:39  Probe  
  16  0:45  Assimilator  
  17  0:51  Probe  
  17  0:54  Assimilator  
  18  1:00  Probe  
  19  1:07  Gateway  
  19  1:08  Probe  
  19  1:17  Probe  
  20  1:24  Cybernetics Core  
  21  1:29  Probe  
  22  1:35  Pylon  
  22  1:44  Probe  
  23  1:51  Warp Gate  
  23  1:58  Probe  
  23  2:01  Adept x2  
  28  2:04  Pylon  
  28  2:30  Adept  
  28  2:31  Adept  
  32  2:41  Nexus  
  32  3:00  Adept  
  32  3:01  Adept  
  32  3:05  Pylon  
  36  3:06  Probe  
  37  3:13  Shield Battery  
  37  3:19  Twilight Council  
  37  3:21  Probe  
  38  3:33  Probe  
  39  3:38  Adept  
  39  3:39  Adept  
  43  3:47  Blink, Probe  
  44  3:51  Probe  
  44  3:55  Probe  
  45  3:59  Probe  
  46  4:05  Sentry x2  
  46  4:07  Probe  
  46  4:08  Probe  
  51  4:22  Probe  
  48  4:25  Probe  
  48  4:28  Forge  
  48  4:30  Probe  
  47  4:34  Stalker  
  47  4:36  Stalker  
  52  4:39  Pylon  
  52  4:40  Probe  
  52  4:41  Probe  
  54  4:47  Pylon  
  54  4:48  Protoss Ground Weapons Level 1  
  54  4:52  Probe  
  55  4:53  Probe  
  55  4:58  Assimilator  
  56  5:01  Gateway  
  56  5:04  Probe  
  56  5:05  Probe  
  56  5:16  Robotics Facility, Probe  
  56  5:17  Probe  
  58  5:22  Stalker x2  
  62  5:28  Probe  
  63  5:36  Nexus  
  63  5:38  Pylon  
  63  5:40  Probe  
  64  5:52  Charge  
  64  5:54  Phoenix  
  64  5:58  Probe x2  
  64  6:03  Stalker x3  
  72  6:04  Observer  
  72  6:09  Gateway x2  
  71  6:16  Shield Battery  
  67  6:18  Shield Battery  
  67  6:19  Probe  
  67  6:23  Probe  
  69  6:26  Gateway  
  69  6:30  Stalker  
  69  6:31  Stalker, Probe  
  74  6:34  Stalker  
  74  6:38  Warp Prism, Protoss Ground Weapons Level 2, Probe  
  77  6:43  Probe  
  78  6:50  Gateway  
  80  6:54  Adept x2  
  80  7:00  Pylon  
  84  7:03  Stalker  
  86  7:11  Stalker x2  
  86  7:14  Pylon  
  90  7:19  Probe x3  
  90  7:22  Pylon  
  93  7:39  Stalker x6  
  95  8:01  Stalker  
  95  8:02  Stalker x3  
  95  8:03  Stalker, Zealot  
  95  8:04  Zealot  
  109  8:06  Assimilator  
  109  8:07  Assimilator  
  109  8:09  Pylon  
  93  8:24  Probe x2  
  93  8:26  Stalker x4  
  93  8:27  Zealot x3  
  99  8:30  Probe  
  99  8:32  Gateway  
  102  8:39  Warp Prism  
  86  8:53  Assimilator  
  86  9:02  Stalker x5  
  92  9:03  Stalker x2  
  92  9:05  Protoss Ground Weapons Level 3  
  92  9:07  Gateway  
  100  9:24  Templar Archives  
  98  9:40  Dark Shrine  
  96  9:51  Zealot x3  
  101  9:53  Zealot x5  
  101  9:54  Probe  
  101  9:56  Probe  
  101  9:59  Robotics Bay, Robotics Facility  
  111  10:02  Photon Cannon  
  111  10:06  Observer  
  102  10:22  Sentry  
  104  10:30  Nexus  
  104  10:31  Pylon  
  104  10:39  Colossus x2  
  116  10:52  Extended Thermal Lance  
  116  10:54  Dark Templar  
  118  10:59  Zealot x8  
  118  11:02  Pylon  
  118  11:04  Pylon  
  132  11:15  Colossus  
  132  11:16  Photon Cannon  
  132  11:22  Colossus  
  142  11:50  Probe x3  
  142  11:51  Probe  
  144  11:56  Warp Prism  
  144  12:02  Probe x2  
  144  12:03  High Templar x3  
  144  12:04  High Templar, Zealot x4  
  144  12:08  Archon x2, Pylon  
  162  12:09  Pylon  
  162  12:12  Photon Cannon, Shield Battery  
  164  12:16  Colossus  
  164  12:17  Assimilator  
  164  12:19  Assimilator  
  164  12:22  Zealot  
  164  12:28  Zealot x4  
  164  12:29  Probe  
  171  12:34  Observer  
  162  12:46  Photon Cannon  
  162  12:50  Stalker x2  
  162  12:51  Stalker x2  
  142  13:02  Zealot x5  
  141  13:11  Observer x2  
  141  13:15  Stalker x4  
  141  13:29  Photon Cannon  
  141  13:30  Probe  
  141  13:31  Photon Cannon  
  141  13:32  Pylon  
  128  13:45  Stalker x5  
Show
View Real Time Build Order
Export as new Build Order

TLHarstem Protoss 

Build Orders: Phoenix Opening, Archon Immortal 

Get SALT Encoding   

  12  0:01  Probe  
  13  0:13  Probe  
  14  0:17  Pylon  
  14  0:24  Probe  
  15  0:32  Probe  
  15  0:38  Gateway  
  15  0:40  Probe  
  16  0:48  Assimilator  
  17  0:51  Probe  
  17  0:56  Assimilator  
  18  0:59  Probe  
  19  1:07  Probe  
  19  1:13  Gateway  
  19  1:17  Probe  
  21  1:26  Cybernetics Core  
  21  1:30  Probe  
  22  1:42  Probe  
  22  1:46  Pylon  
  23  1:56  Warp Gate  
  23  2:04  Probe  
  23  2:05  Stalker  
  23  2:06  Stalker  
  28  2:14  Pylon  
  28  2:16  Probe  
  28  2:22  Shield Battery  
  29  2:33  Probe  
  29  2:36  Sentry, Stalker  
  34  2:50  Nexus  
  34  2:55  Pylon  
  34  3:03  Sentry  
  37  3:08  Shield Battery  
  37  3:09  Phoenix  
  36  3:13  Probe  
  36  3:16  Pylon  
  37  3:20  Shield Battery  
  37  3:25  Probe  
  38  3:27  Twilight Council  
  38  3:37  Probe  
  39  3:49  Probe  
  39  3:51  Stalker x2  
  39  3:54  Shield Battery  
  44  4:02  Probe  
  45  4:12  Cybernetics Core  
  45  4:14  Stalker, Blink  
  45  4:15  Stalker  
  49  4:19  Probe  
  49  4:20  Probe  
  47  4:27  Probe  
  47  4:29  Probe  
  47  4:37  Probe x2  
  49  4:40  Stalker  
  53  4:49  Probe  
  54  4:53  Stalker  
  54  4:54  Probe  
  54  4:56  Phoenix  
  54  4:58  Pylon  
  57  5:05  Probe  
  58  5:07  Probe  
  58  5:09  Pylon  
  59  5:15  Robotics Facility  
  59  5:17  Probe  
  59  5:19  Probe  
  59  5:20  Assimilator  
  61  5:30  Probe  
  63  5:39  Nexus  
  63  5:42  Pylon  
  62  5:43  Stalker x2  
  62  5:46  Probe  
  62  5:48  Probe  
  68  5:52  Forge  
  68  5:53  Phoenix  
  68  5:56  Observer  
  68  5:58  Probe  
  68  6:01  Probe  
  71  6:11  Probe  
  71  6:13  Probe  
  71  6:18  Gateway x2  
  73  6:21  Phoenix  
  73  6:23  Probe  
  73  6:25  Probe  
  75  6:26  Protoss Ground Weapons Level 1, Immortal, Charge  
  75  6:28  Shield Battery  
  75  6:35  Probe  
  75  6:37  Probe  
  81  6:42  Templar Archives  
  81  6:47  Probe  
  82  6:54  Gateway, Probe  
  82  6:55  Gateway, Probe  
  82  6:57  Assimilator  
  84  7:04  Immortal  
  84  7:07  Gateway  
  84  7:08  Gateway  
  84  7:12  Zealot x2  
  91  7:17  Probe  
  91  7:21  Probe  
  93  7:27  High Templar x2  
  93  7:29  Pylon  
  97  7:30  Pylon  
  97  7:32  Archon  
  97  7:35  Stalker  
  99  7:37  Probe  
  99  7:38  Stalker  
  99  7:39  Probe  
  99  7:43  Probe  
  101  7:49  Probe  
  95  7:53  Stalker x2  
  95  7:58  Probe  
  94  7:59  Stalker x2  
  94  8:02  Zealot  
  94  8:03  Zealot x3  
  94  8:05  Probe  
  101  8:16  Zealot  
  101  8:17  Zealot  
  91  8:22  Stalker x3  
  91  8:23  Stalker  
  91  8:26  Zealot x2  
  99  8:29  Pylon  
  99  8:30  Assimilator  
  95  8:34  Assimilator  
  95  8:36  Protoss Ground Weapons Level 2  
  95  8:39  Zealot x2  
  89  8:46  Zealot  
  89  8:47  Zealot x4  
  86  8:48  Probe  
  86  8:51  Immortal  
  87  9:01  Sentry  
  93  9:11  Probe  
  93  9:12  Probe x2  
  96  9:22  High Templar x2  
  96  9:23  Zealot x3  
  106  9:27  Archon  
  106  9:31  Stalker x2, Observer  
  105  9:37  Probe  
  110  9:40  Probe  
  110  9:42  Photon Cannon  
  109  9:47  Pylon  
  109  9:51  Dark Shrine  
  109  9:52  Zealot  
  109  9:53  Immortal  
  109  9:56  Shield Battery  
  107  10:04  High Templar x2, Zealot  
  117  10:09  Archon  
  117  10:16  Probe x2  
  117  10:17  Photon Cannon  
  118  10:32  High Templar x2  
  118  10:33  Zealot x3  
  118  10:34  Nexus  
  128  10:36  Probe  
  128  10:39  Archon  
  128  10:41  High Templar x2, Pylon  
  133  10:47  Archon  
  131  10:51  Pylon  
  131  11:00  Probe  
  131  11:03  Probe  
  133  11:05  Dark Templar x3  
  133  11:07  Probe  
  138  11:12  Probe  
  138  11:13  Zealot x2  
  138  11:15  Robotics Bay, Pylon  
  141  11:20  Zealot x2  
  141  11:21  Photon Cannon  
  145  11:30  Zealot  
  147  11:37  Probe  
  147  11:39  Shield Battery  
  146  11:42  Pylon  
  146  11:43  Probe  
  146  11:44  Zealot  
  146  11:50  Probe  
  146  11:51  Probe x2  
  145  11:55  Probe  
  145  11:58  Disruptor  
  146  12:01  Robotics Facility  
  146  12:02  Probe  
  146  12:03  Probe  
  148  12:10  Probe  
  152  12:21  Probe  
  151  12:29  Probe  
  150  12:33  Disruptor  
  150  12:35  Stalker x8  
  157  12:49  Disruptor  
  140  12:58  Zealot x8  
  130  13:09  Disruptor  
  115  13:13  Disruptor  
  115  13:18  Dark Templar x4  
  115  13:19  Zealot x2  
  123  13:20  Zealot  
  105  13:44  Stalker x3, Nexus  
  106  13:50  High Templar  
  106  13:51  High Templar, Zealot  
  105  13:56  Archon  
  86  14:04  Stalker x2  
Tags
 
Add a new tag
Caveats
  • Supply blocks, unpowered buildings, or Contaminate may cause inaccurate times.
  • Supply counts are checked every 10 seconds.